 Dungeon Crawl Stone Soup version 0.20.1-1-g8b1a95d (webtiles) character file.

1594 poirepourri the Covert (level 8, -2/36 HPs)
             Began as a Spriggan Enchanter on Nov 17, 2017.
             Was a Follower of Dithmenos.
             Slain by an orc wizard
             ... wielding a +0 dagger
              (4 damage)
             ... on level 6 of the Dungeon.
             The game lasted 00:11:12 (7797 turns).

poirepourri the Covert (Spriggan Enchanter)         Turns: 7797, Time: 00:11:13

Health: -2/36      AC:  3    Str:  4    XL:     8   Next: 62%
Magic:  4/28       EV: 18    Int: 16    God:    Dithmenos [*.....]
Gold:   264        SH:  0    Dex: 19    Spells: 9/21 levels left

rFire    . . .     SeeInvis +   a - +1 dagger
rCold    . . .     Gourm    .   (shield restricted)
rNeg     . . .     Faith    .   b - +1 robe
rPois    .         Spirit   .   (helmet restricted)
rElec    .         Reflect  .   (no cloak)
rCorr    .         Harm     .   (gloves unavailable)
MR       +....                  (boots unavailable)
Stlth    ++++++....             (no amulet)
Regen    0.2/turn               e - ring of magical power
MPRegen  0.3/turn               f - ring of wizardry

@: wreathed by umbra, very quick
A: unfitting armour, see invisible, herbivore 3, speed 3, slow metabolism 2
a: Renounce Religion


You were on level 6 of the Dungeon.
You worshipped Dithmenos.
Dithmenos was aware of your devotion.
You were not hungry.

You visited 2 branches of the dungeon, and saw 7 of its levels.
You also visited: Ossuary.

You collected 264 gold pieces.

Inventory:

Hand Weapons
 a - a +1 dagger (weapon)
Armour
 b - a +1 robe (worn)
Jewellery
 e - a ring of magical power (left hand)
 f - a ring of wizardry (right hand)
Scrolls
 g - 3 scrolls of recharging
 l - 2 scrolls of teleportation
 p - 2 scrolls of remove curse
 q - a scroll of magic mapping
Potions
 h - a potion of berserk rage
 i - 4 potions of curing
 m - 2 potions of mutation {unknown}
 n - 2 potions of flight {unknown}
 o - 2 potions of brilliance {unknown}
 s - a potion of experience {unknown}
Books
 c - a book of Maledictions

   Spells                             Type                      Level
   a - Corona                         Hexes                        1
   b - Ensorcelled Hibernation        Hexes/Ice                    2
   c - Confuse                        Hexes                        3
   d - Tukima's Dance                 Hexes                        3
   e - Dazzling Spray                 Conjuration/Hexes            3
 j - a book of Minor Magic

   Spells                             Type                      Level
   a - Magic Dart                     Conjuration                  1
   b - Blink                          Translocation                2
   c - Call Imp                       Summoning                    2
   d - Slow                           Hexes                        2
   e - Conjure Flame                  Conjuration/Fire             3
   f - Mephitic Cloud                 Conjuration/Poison/Air       3
Comestibles
 d - a bread ration


   Skills:
 + Level 5.5 Short Blades
 - Level 3.0 Dodging
 - Level 10.2 Stealth
 - Level 7.1 Spellcasting
 - Level 2.0 Conjurations
 - Level 6.1 Hexes


You had 9 spell levels left.
You knew the following spells:

 Your Spells              Type           Power        Failure   Level  Hunger
a - Corona                Hex            ####...      1%          1    None
b - Ensorcelled Hibernat  Hex/Ice        ###...       2%          2    None
c - Confuse               Hex            ####....     1%          3    ##.....
d - Tukima's Dance        Hex            ####....     1%          3    ##.....
e - Dazzling Spray        Conj/Hex       ###...       2%          3    ##.....


Dungeon Overview and Level Annotations

Branches:
Dungeon (6/15)             Temple (1/1) D:4

Altars:
Ashenzari
Cheibriados
Dithmenos
Elyvilon
Fedhas
Hepliaklqana
Kikubaaqudgha
Makhleb
Nemelex Xobeh
Qazlal
Ru
Sif Muna
Trog
Uskayaw
Xom
Yredelemnul
Zin
The Shining One

Shops:
D:6 (


Innate Abilities, Weirdness & Mutations

You are very small and have problems with some larger weapons.
You are too small for most types of armour.
You have supernaturally acute eyesight. (SInv)
You are a herbivore.
You cover ground extremely quickly.
You need consume almost no food.


Message History

The orc warrior resists with significant effort.
The orc warrior closely misses you.
You barely miss the orc warrior.
The orc warrior is almost dead.
You hit the orc warrior but do no damage.
The orc warrior is almost dead.
The orc warrior hits you with a broad axe!
Casting: Confuse
Confirm with . or Enter, or press ? or * to list all spells.
Aiming: Confuse
Press: ? - help, Shift-Dir - straight line, f/p - orc warrior
Aim: an orc warrior, wielding a broad axe and wearing a plate armour (almost dead, umbra, chance to defeat MR: 54%)
The orc warrior resists with significant effort.
The orc warrior hits you with a broad axe!!
Ouch! That really hurt!
* * * LOW HITPOINT WARNING * * *
You completely miss the orc warrior.
The orc warrior is almost dead.
The orc wizard hits you with a dagger.
You die...

.. .......†..... #.
#..##..>
#.###########......
#............#...##
#..######........#
#######...####.##..†..##
#.....8(8)8.............
#####.oo.⌠.##.#####.#.##
#.8@∩.8...# #.#...
#..⌠(⌠.#### #.###.
#.8.8(8.# #......
#######.........####
###...[.#.# ..#..#.
..#.. #.# .#


You could see an orc warrior and an orc wizard.

Vanquished Creatures
  Grinder (D:3)
  Sigmund (D:2)
  Edmund (D:4)
  A sky beast (D:6)
  2 ogres
  A centaur (D:5)
  2 scorpions
  4 wights (D:6)
  A howler monkey (D:5)
  A crimson imp (D:5)
  A centaur skeleton (D:4)
  A gnoll shaman (D:4)
  A hound (D:4)
  An orc priest (D:4)
  A bullfrog skeleton (D:5)
  An orc wizard (D:4)
  3 worker ants
  A hound zombie (D:5)
  A hound skeleton (D:4)
  A mummy (D:5)
  3 gnolls (D:4)
  4 adders
  An adder skeleton (D:6)
  A worm (D:2)
  3 dart slugs
  9 leopard geckos
  16 orcs
  2 ball pythons
  5 bats
  5 giant cockroaches
  3 gnoll zombies (Ossuary)
  5 goblins
  10 hobgoblins
  11 jackals
  11 kobolds
  2 quokkas (D:2)
  5 frilled lizards
  A hobgoblin zombie (Ossuary)
  A kobold zombie (Ossuary)
  A leopard gecko skeleton (D:4)
  An orc zombie (Ossuary)
  10 rats
137 creatures vanquished.

Notes
Turn   | Place    | Note
-------+----------+-------------------------------------------
     0 | D:1      | poirepourri the Spriggan Enchanter began the quest for the Orb.
     0 | D:1      | Reached XP level 1. HP: 9/9 MP: 5/5
    17 | D:1      | You fall through a shaft!
   434 | D:1      | Reached skill level 5 in Stealth
   646 | D:1      | Reached XP level 2. HP: 9/13 MP: 6/6
   650 | D:1      | Learned a level 2 spell: Ensorcelled Hibernation
  1452 | D:1      | Reached skill level 6 in Stealth
  2068 | D:1      | Reached XP level 3. HP: 9/16 MP: 0/8
  2192 | D:1      | Learned a level 3 spell: Confuse
  2759 | D:2      | Reached skill level 7 in Stealth
  3004 | D:2      | Noticed Sigmund
  3017 | D:2      | Killed Sigmund
  3017 | D:2      | Reached skill level 5 in Spellcasting
  3017 | D:2      | Reached XP level 4. HP: 15/21 MP: 8/12
  3017 | D:2      | Reached XP level 5. HP: 17/24 MP: 9/14
  3149 | D:2      | Learned a level 3 spell: Tukima's Dance
  3153 | D:2      | Learned a level 3 spell: Dazzling Spray
  4257 | D:3      | Noticed Grinder
  4276 | D:3      | Killed Grinder
  4276 | D:3      | Reached XP level 6. HP: 28/28 MP: 16/16
  4528 | D:4      | Noticed Edmund
  4536 | D:4      | Killed Edmund
  4536 | D:4      | Reached skill level 1 in Conjurations
  4536 | D:4      | Reached XP level 7. HP: 32/32 MP: 17/17
  4756 | D:4      | Found a staircase to the Ecumenical Temple.
  5134 | D:4      | Found a blossoming altar of Fedhas.
  5797 | D:4      | Reached skill level 8 in Stealth
  5848 | Temple   | Entered the Ecumenical Temple
  5933 | Temple   | Became a worshipper of Dithmenos the Shadowed
  6319 | D:5      | Entered Level 5 of the Dungeon
  6383 | D:5      | Found a sparkling altar of Nemelex Xobeh.
  6411 | D:5      | Reached skill level 9 in Stealth
  6411 | D:5      | Reached XP level 8. HP: 36/36 MP: 19/19
  6518 | D:5      | Found a sand-covered staircase.
  6541 | Ossuary  | Entered an ossuary
  6891 | D:5      | Reached skill level 10 in Stealth
  7051 | D:5      | Reached * piety under Dithmenos
  7749 | D:6      | Found Gahyrayl's Antique Weapon Boutique.
  7761 | D:6      | Reached skill level 5 in Short Blades
  7797 | D:6      | Slain by an orc wizard

Skill      XL: |  1  2  3  4  5  6  7  8 |
---------------+-------------------------+-----
Stealth        | 5 6 7 9 10 | 10.2
Spellcasting   | 5 6 7 |  7.1
Hexes          | 6 |  6.1
Conjurations   | 1 2 |  2.0
Short Blades   | 5 |  5.5
Dodging        | |  3.0

Action                   |  1- 3 |  4- 6 |  7- 9 || total
-------------------------+-------+-------+-------++-------
Melee: Dagger            |   114 |    72 |   135 ||   321
 Cast: Ensorcelled Hiber |    35 |    32 |    37 ||   104
       Confuse           |     1 |     3 |    32 ||    36
       Dazzling Spray    |       |       |    22 ||    22
  Use: Scroll            |     7 |     6 |     2 ||    15
       Potion            |     2 |       |     1 ||     3
 Stab: Sleeping          |    17 |    36 |    36 ||    89
       Confused          |     1 |     4 |    11 ||    16
       Invisible         |       |       |     1 ||     1
  Eat: Bread ration      |     1 |       |     1 ||     2
Armor: Robe              |    13 |     6 |    10 ||    29
Dodge: Dodged            |   132 |    51 |    69 ||   252
